 Dungeon Crawl Stone Soup version 0.28.0-53-g5a82cb258f (webtiles) character file.

Game seed: 13608492367572317737

28 PentaManta the Insei (level 3, -3/26 HPs)
             Began as an Octopode Abyssal Knight on June 15, 2022.
             Was a Believer of Lugonu.
             Slain by Jessica
             ... wielding a +4 dagger of electrocution
              (8 damage)
             ... on level 2 of the Dungeon.
             The game lasted 00:01:27 (1141 turns).

PentaManta the Insei (Octopode Abyssal Knight)      Turns: 1141, Time: 00:01:28

Health: -3/26      AC:  1    Str: 12    XL:     3   Next: 12%
Magic:  3/4        EV: 13    Int: 14    God:    Lugonu [**....]
Gold:   38         SH:  5    Dex: 12    Spells: 1/2 levels left

rFire   . . .      SeeInvis .     - Unarmed
rCold   . . .      Faith    .   (no shield)
rNeg    . . .      Spirit   .   (helmet restricted)
rPois   .          Reflect  +   c - amulet of reflection
rElec   .          Harm     .   (no ring)
rCorr   .          Rampage  .   (no ring)
Will    .....                   (no ring)
Stlth   ++........              (no ring)
HPRegen 0.08/turn               (no ring)
MPRegen 0.09/turn               (no ring)
                                (no ring)
                                (no ring)

@: no status effects
A: almost no armour, amphibious, 8 rings, camouflage 1, gelatinous body 1,
(nimble swimmer 1), tentacles
a: Renounce Religion, Depart the Abyss, Bend Space


You were on level 2 of the Dungeon.
You worshipped Lugonu.
Lugonu was pleased with you.
You visited 1 branch of the dungeon, and saw 2 of its levels.
You visited the Abyss 1 time.

You collected 38 gold pieces.

Inventory:

Jewellery
 c - an amulet of reflection (around mantle)
Scrolls
 a - 2 scrolls of identify {unknown}
 b - a scroll of enchant weapon {unknown}
Potions
 d - a potion of flight {unknown}


   Skills:
 - Level 3.0 Fighting
 - Level 2.3 Dodging
 + Level 3.5 Unarmed Combat
 - Level 2.0 Invocations


You had one spell level left.
You knew the following spells:

 Your Spells              Type           Power      Damage    Failure   Level
a - Slow                  Hex            0%         N/A       28%         1

Your spell library contained the following spells:

 Spells                   Type           Power      Damage    Failure   Level
 Confusing Touch          Hex            0%         N/A       65%         3
 Vampiric Draining        Necr           0%         2d6       65%         3
 Animate Dead             Necr           0%         N/A       96%         4
 Haunt                    Necr/Summ      0%         N/A       100%        7
 Infestation              Necr           0%         N/A       100%        8


Dungeon Overview and Level Annotations

Branches:
Dungeon (2/15)

Altars:

Annotations:
D:2 Jessica


Innate Abilities, Weirdness & Mutations

You cannot wear most types of armour.
You are amphibious.
You can wear up to eight rings at the same time.
Your skin changes colour to match your surroundings (Stealth+).
Your rubbery body absorbs attacks. (AC +1, EV +1)
((You are camouflaged when in or above water. (Stealth+)))
You have tentacles for arms and can constrict up to eight enemies at once.


Message History

You grab the hobgoblin. You squeeze the hobgoblin.
You kill the hobgoblin!
Lugonu accepts your kill.
No target in view!
No target in view!
Found 8 stones.
Jessica the Apprentice Sorceress comes into view.
She is wielding a +4 dagger of electrocution.
Jessica is nearby!
Jessica is nearby!
Found 12 gold pieces.
Jessica shouts!
Jessica mumbles something strange.
Jessica gestures wildly while chanting.
Jessica blinks!
No target in view!
No target in view!
Found a stone staircase leading down.
Okay, then.
Casting: Slow (safe; 28% risk of failure)
Confirm with . or Enter, or press ? or * to list all spells.
You don't know that spell.
Casting: Slow (safe; 28% risk of failure)
Confirm with . or Enter, or press ? or * to list all spells.
Aiming: Slow (safe; 28% risk of failure)
Press: ? - help, Shift-Dir - straight line, f - Jessica
Aim: Jessica, wielding a +4 dagger of electrocution and wearing a +0 robe (chance to affect: 41%) Jessica seems to slow down.
A ball python comes into view.
You closely miss Jessica. Your grab misses Jessica.
Your squeeze misses Jessica. You closely miss Jessica. You grab Jessica.
You constrict Jessica, but do no damage.
Jessica hits you with a +4 dagger of electrocution.
You are electrocuted!
Ouch! That really hurt!
* * * LOW HITPOINT WARNING * * *
You tentacle-slap Jessica but do no damage.
You constrict Jessica, but do no damage.
Jessica hits you with a +4 dagger of electrocution!
You die...

### ..# #.# #.## #.#
...# ### #.#
#..###.###.# #
........##.# .#
#..###.###.#######.##.#.
#..###.###(............#
#..#.....#......@@....#
#..#.###.#.#######.$>...
..... #...# ..... ##.#
#.### .... #. ...# .## #
#.... # #####


You could see Jessica (slow).

Vanquished Creatures
  2 endoplasms (D:1)
  2 giant cockroaches (D:1)
  2 goblins (D:1)
  4 hobgoblins
  3 jackals (D:1)
  3 ball pythons (D:1)
  5 bats
  3 frilled lizards (D:1)
  A kobold (D:1)
25 creatures vanquished.

Notes
Turn   | Place    | Note
-------+----------+-------------------------------------------
     0 | Abyss:1  | PentaManta the Octopode Abyssal Knight began the quest for
                  | the Orb.
     0 | Abyss:1  | Reached XP level 1. HP: 16/16 MP: 2/2
     4 | Abyss:1  | Found a sparkling altar of Nemelex Xobeh.
    16 | D:1      | Escaped the Abyss
   182 | D:1      | Reached XP level 2. HP: 17/21 MP: 3/3
   438 | D:1      | Learned a level 1 spell: Slow
   442 | D:1      | Reached ** piety under Lugonu
   735 | D:1      | Reached XP level 3. HP: 25/26 MP: 4/4
  1132 | D:2      | Noticed Jessica
  1141 | D:2      | Slain by Jessica

Illustrated notes

Levels and vault maps discovered:
D:1:      evilmike_arrival_crescent, layout_loops_ring, minmay_misc_feat_tower,
          minmay_misc_feat_roman
D:2:      layout_loops_ring, uniq_jessica

Skill      XL: |  1  2 |
---------------+-------+-----
Unarmed Combat | 3 |  3.5
Fighting       | |  3.0
Dodging        | |  2.3
Invocations    | |  2.0

Action                   || total
-------------------------++-------
Melee: Unarmed           ||    58
       Constrict         ||    18
       Tentacles         ||     7
 Cast: Slow              ||     1
 Stab: Sleeping          ||     5
Armor: Skin              ||     5
Dodge: Dodged            ||    42
Block: Other             ||     3
